 Dungeon Crawl Stone Soup version 0.27-a0-1105-g946c659c87 (webtiles) character file.

Game seed: 5319550831224961888

1326782 EWolf27 the Sorcerer (level 27, 151/200 HPs)
             Began as a Gargoyle Earth Elementalist on Dec 13, 2020.
             Was the Champion of Dithmenos.
             Escaped with the Orb
             ... and 3 runes on Apr 30, 2021!
             The game lasted 15:55:10 (156776 turns).

EWolf27 the Sorcerer (GrEE)                       Turns: 156776, Time: 15:55:10

Health: 151/200    AC: 48    Str: 26    XL:     27
Magic:  30/50      EV: 12    Int: 39    God:    Dithmenos [******]
Gold:   4723       SH: 14    Dex: 11    Spells: 15/72 levels left

rFire    + + +     SeeInvis .   c - staff of earth
rCold    + + .     Faith    .   M - +3 warlock's mirror {reflect}
rNeg     + . .     Spirit   .   y - +5 scale mail "Lusur" {Will++ Int+4 Dex-3}
rPois    ∞         Reflect  +   U - +2 hat {Will+}
rElec    +         Harm     .   A - +2 cloak
rCorr    .         Rampage  .   R - +2 pair of gloves "Ohout" {rF- Will+ MP+9 Str+4}
Will     +++++                  m - +0 pair of boots of the Nine of Wands {rF+ Int+5}
Stlth    +++.......             u - amulet "Ivoyqis" {Reflect Dex+4 SH+5}
HPRegen  0.43/turn              P - ring of Borucu {rF++ Will++ Int+6 Stlth-}
MPRegen  0.32/turn              G - ring of the Past {Wiz rF+ rC++ MP-9 Str+3}

@: flying, wreathed by umbra, studying 2 skills
A: AC +20, big wings, negative energy resistance 1, electricity resistance,
torment resistance 1, unbreathing 1, petrification resistance, strong-willed 1,
robust 1, screaming 1, inhibited regeneration, strong 1, subdued magic 1,
MP-powered wands
0: Orb of Zot
}: 3/15 runes: barnacled, silver, gossamer
a: Renounce Religion, Shadow Step, Shadow Form


You escaped.
You worshipped Dithmenos.
Dithmenos was exalted by your worship.
You visited 11 branches of the dungeon, and saw 53 of its levels.
You also visited: Bailey, Gauntlet, Ice Cave and Wizlab.

You collected 9305 gold pieces.
You spent 4582 gold pieces at shops.

Inventory:

Hand Weapons
 a - a +9 whip of electrocution
 b - the +10 dagger of Taleus {flame, Int+3}
   (You took it off a deep elf demonologist on level 3 of the Elven Halls)

   It has been specially enchanted to burn those struck by it, causing extra
   injury to most foes and up to half again as much damage against particularly
   susceptible opponents.
   It affects your intelligence (+3).
 d - a +4 demon whip of flaming
Missiles
 p - 1321 stones
 x - 80 boomerangs (quivered)
Armour
 m - the +0 pair of boots of the Nine of Wands (worn) {rF+ Int+5}
   (You found it on level 15 of the Dungeon)

   It affects your intelligence (+5).
   It protects you from fire.
 y - the +5 scale mail "Lusur" (worn) {Will++ Int+4 Dex-3}
   (You found it on level 3 of the Vaults)

   It affects your intelligence (+4).
   It affects your dexterity (-3).
   It greatly increases your willpower.
 A - a +2 cloak (worn)
 D - the +1 helmet "Waodu" {Str+5}
   (You bought it in a shop on level 1 of the Elven Halls)

   It affects your strength (+5).
 J - the +8 orange crystal plate armour {Archmagi, Int+3 Clar}
   (You found it on level 3 of the Crypt)

   It affects your intelligence (+3).
   It protects you against confusion.
 M - the +3 warlock's mirror (worn) {reflect}
   (You bought it in a shop on level 2 of the Orcish Mines)
 R - the +2 pair of gloves "Ohout" (worn) {rF- Will+ MP+9 Str+4}
   (You bought it in a shop on level 1 of the Elven Halls)

   It affects your strength (+4).
   It makes you vulnerable to fire.
   It affects your magic capacity (+9).
   It increases your willpower.
 U - a +2 hat of willpower (worn)
Magical Staves
 c - a staff of earth (weapon)
Jewellery
 r - the ring of Raczace {rPois rN+ rCorr MP+9 Stlth+}
   (You took it off a rakshasa on level 1 of the Depths)

   [ring of positive energy]

   It protects you from poison.
   It protects you from negative energy.
   It affects your magic capacity (+9).
   It protects you from acid and corrosion.
   It makes you more stealthy.
 u - the amulet "Ivoyqis" (around neck) {Reflect Dex+4 SH+5}
   (You found it on level 4 of the Vaults)

   [amulet of reflection]

   It reflects blocked missile attacks.
   It affects your dexterity (+4).
   It affects your SH (+5).
 G - the ring of the Past (right hand) {Wiz rF+ rC++ MP-9 Str+3}
   (You found it on level 3 of the Depths)

   [ring of wizardry]

   It improves your spell success rate.
   It affects your strength (+3).
   It protects you from fire.
   It greatly protects you from cold.
   It affects your magic capacity (-9).
 I - the ring of Duhun {rN+ EV+4 Int+2}
   (You took it off a crimson imp in a Gauntlet)

   [ring of evasion]

   It affects your evasion (+4).
   It affects your intelligence (+2).
   It protects you from negative energy.
 N - a ring of see invisible
 P - the ring of Borucu (left hand) {rF++ Will++ Int+6 Stlth-}
   (You acquired it on level 2 of the Depths)

   [ring of intelligence]

   It affects your intelligence (+6).
   It greatly protects you from fire.
   It greatly increases your willpower.
   It makes you less stealthy.
Wands
 i - a wand of flame (43)
 z - a wand of iceblast (62)
 C - a wand of mindburst (89)
 H - a wand of digging (11)
 Y - a wand of acid (23)
Scrolls
 e - a scroll of magic mapping
 g - 3 scrolls of holy word
 h - 11 scrolls of fog
 k - 8 scrolls of fear
 n - 14 scrolls of teleportation
 o - 2 scrolls of summoning
 E - a scroll of blinking
 L - 11 scrolls of amnesia
 Q - 30 scrolls of identify
Potions
 f - 27 potions of curing
 j - 12 potions of might
 l - 3 potions of cancellation
 q - 8 potions of brilliance
 s - 6 potions of invisibility
 v - 8 potions of berserk rage
 w - 11 potions of lignification
 B - 9 potions of haste
 K - 10 potions of ambrosia
 O - 8 potions of mutation
 V - 9 potions of resistance
 W - 5 potions of heal wounds
Miscellaneous
 S - a tin of tremorstones (2/2)


   Skills:
 - Level 21.0 Fighting
 - Level 2.0 Short Blades
 - Level 12.0(13.1) Maces & Flails
 - Level 9.4(12.0) Staves
 - Level 19.0 Armour
 - Level 4.0 Dodging
 - Level 18.0 Stealth
 - Level 10.0 Shields
 + Level 23.0 Spellcasting
 + Level 20.2 Conjurations
 - Level 0.7 Transmutations
 + Level 18.9 Fire Magic
 - Level 21.0 Earth Magic
 - Level 13.1 Invocations
 - Level 7.0 Evocations


You had 15 spell levels left.
You knew the following spells:

 Your Spells              Type           Power      Damage    Failure   Level
a - Sandblast             Erth           100%       2d20      0%          1
b - Stone Arrow           Conj/Erth      100%       3d13      0%          3
c - Lee's Rapid Deconstr  Erth           63%        3d30*     0%          5
d - Apportation           Tloc           68%        N/A       1%          1
e - Foxfire               Conj/Fire      100%       2x1d9     0%          1
f - Iron Shot             Conj/Erth      63%        9d12      0%          6
g - Shatter               Erth           63%        3d47*     5%          9
h - Fire Storm            Conj/Fire      50%        8d13      9%          9
i - Tornado               Air            17%        N/A       100%        9
j - Fireball              Conj/Fire      50%        3d20      0%          5
k - Lehudib's Crystal Sp  Conj/Erth      63%        10d14     1%          8

Your spell library contained the following spells:

 Spells                   Type           Power      Damage    Failure   Level
 Magic Dart               Conj           100%       1d8       0%          1
 Shock                    Conj/Air       100%       1d9       0%          1
 Passwall                 Tmut/Erth      82%        N/A       0%          2
 Static Discharge         Conj/Air       77%        N/A       0%          2
 Conjure Flame            Conj/Fire      100%       6-21      0%          3
 Dazzling Flash           Conj/Hex       100%       N/A       0%          3
 Sticky Flame             Conj/Fire      100%       2d11      0%          4
 Bolt of Magma            Conj/Fire/Erth 62%        4d24      0%          5
 Starburst                Conj/Fire      50%        8x6d14    0%          6
 Animate Skeleton         Necr           68%        N/A       1%          1
 Beastly Appendage        Tmut           76%        N/A       1%          1
 Corona                   Hex            37%        N/A       1%          1
 Freeze                   Ice            100%       1d11      1%          1
 Pain                     Necr           100%       1d9       1%          1
 Sting                    Tmut/Pois      100%       1d8       1%          1
 Summon Small Mammal      Summ           100%       N/A       1%          1
 Blink                    Tloc           N/A        N/A       1%          2
 Call Imp                 Summ           34%        N/A       1%          2
 Ensorcelled Hibernation  Hex/Ice        68%        N/A       1%          2
 Poisonous Vapours        Pois/Air       68%        N/A       1%          2
 Slow                     Hex            34%        N/A       1%          2
 Wereblood                Tmut           38%        N/A       1%          2
 Call Canine Familiar     Summ           34%        N/A       1%          3
 Confusing Touch          Hex            34%        N/A       1%          3
 Frozen Ramparts          Ice            68%        1d8       1%          3
 Gell's Gravitas          Tloc           17%        N/A       1%          3
 Ignite Poison            Fire/Tmut/Pois 65%        N/A       1%          3
 Inner Flame              Hex/Fire       75%        N/A       1%          3
 Lesser Beckoning         Tloc           17%        N/A       1%          3
 Mephitic Cloud           Conj/Pois/Air  66%        N/A       1%          3
 Ozocubu's Armour         Ice            34%        N/A       1%          3
 Portal Projectile        Hex/Tloc       68%        N/A       1%          3
 Spider Form              Tmut/Pois      18%        N/A       1%          3
 Summon Guardian Golem    Hex/Summ       34%        N/A       1%          3
 Swiftness                Air            34%        N/A       1%          3
 Teleport Other           Tloc           34%        N/A       1%          3
 Tukima's Dance           Hex            34%        N/A       1%          3
 Vampiric Draining        Necr           17%        2d8       1%          3
 Animate Armour           Summ/Erth      100%       N/A       1%          4
 Hailstorm                Conj/Ice       77%        3d16      1%          4
 Leda's Liquefaction      Hex/Erth       49%        N/A       1%          4
 Petrify                  Tmut/Erth      99%        N/A       1%          4
 Borgnjor's Vile Clutch   Necr/Erth      49%        N/A       1%          5
 Irradiate                Conj/Tmut      39%        3d26      1%          5
 Lightning Bolt           Conj/Air       38%        1d57      1%          5
 Conjure Ball Lightning   Conj/Air       38%        3x3d12    1%          6
 Ignition                 Fire           49%        3d14      1%          8
 Airstrike                Air            17%        N/A       2%          4
 Animate Dead             Necr           17%        N/A       2%          4
 Cause Fear               Hex            17%        N/A       2%          4
 Ice Form                 Ice/Tmut       36%        N/A       2%          4
 Olgreb's Toxic Radiance  Pois           34%        N/A       2%          4
 Passage of Golubria      Tloc           N/A        N/A       2%          4
 Summon Ice Beast         Ice/Summ       34%        N/A       2%          4
 Summon Lightning Spire   Summ/Air       34%        N/A       2%          4
 Alistair's Intoxication  Tmut/Pois      24%        N/A       7%          5
 Agony                    Necr           34%        N/A       8%          5
 Manifold Assault         Tloc           34%        N/A       8%          5
 Metabolic Englaciation   Hex/Ice        17%        N/A       8%          5
 Silence                  Hex/Air        17%        N/A       8%          5
 Chain Lightning          Conj/Air       38%        N/A       30%         8
 Blade Hands              Tmut           19%        N/A       32%         6
 Eringya's Noxious Bog    Tmut/Pois      18%        N/A       36%         6
 Death Channel            Necr           17%        N/A       38%         6
 Dispersal                Tloc           17%        N/A       38%         6
 Invisibility             Hex            34%        N/A       38%         6
 Shadow Creatures         Summ           N/A        N/A       38%         6
 Simulacrum               Ice/Necr       17%        N/A       38%         6
 Dragon Form              Tmut           19%        N/A       86%         7
 Malign Gateway           Summ/Tloc      17%        N/A       92%         7
 Disjunction              Tloc           17%        N/A       100%        8
 Absolute Zero            Ice            17%        ∞         100%        9
 Dragon's Call            Summ           17%        N/A       100%        9
 Sublimation of Blood     Necr           Unusable   N/A       N/A         2
 Statue Form              Tmut/Erth      Unusable   N/A       N/A         6

Dungeon Overview and Level Annotations

Branches:
Dungeon (15/15)            Temple (0/1) D:6            Lair (6/6) D:8
 Shoals (4/4) Lair:4       Spider (4/4) Lair:4        Slime (0/5) Lair:6
    Orc (2/2) D:10            Elf (3/3) Orc:2        Vaults (5/5) D:13
  Crypt (3/3) Vaults:2       Tomb (0/3) Crypt:3      Depths (5/5) D:15
   Hell (visited)             Dis (0/7) Hell            Geh (0/7) Hell
    Coc (0/7) Hell            Tar (0/7) Hell            Zot (5/5) Depths:5
 Bailey (visited)           IceCv (visited)          WizLab (visited)
Gauntlet (visited)

Altars:
Cheibriados
Dithmenos
Fedhas
Kikubaaqudgha
Makhleb
Nemelex Xobeh
Okawaru
Ru
Vehumet
Wu Jian
Yredelemnul
Zin
Beogh

Shops:
D:7 !   D:10 [   D:11 (   D:14 *=   Orc:2 ([?x   Elf:1 [:   Elf:3 ?
Shoals:2 :   Shoals:3 [   Shoals:4 *   Vaults:1 *   Vaults:2 [   Vaults:3 [
Depths:2 *![?

Portals:
Hell: Depths:1 Depths:2 Depths:3 Depths:4 Depths:5
Abyss: Depths:4
Pandemonium: Depths:3 Depths:5
Ziggurat: Depths:1
Trove: D:13 (lose all piety)

Annotations:
D:6 exclusion: downstairs
D:11 boulder bettle
Shoals:1 exclusion: downstairs
Depths:3 2 transporters
Zot:4 exclusion: downstairs


Innate Abilities, Weirdness & Mutations

Your stone body is resilient. (AC +20)
You are immune to poison.
Your large and strong wings let you fly.
You resist negative energy. (rN+)
You are resistant to electric shocks. (rElec)
You are resistant to unholy torment.
You can survive without breathing.
You are immune to petrification.
You are strong-willed. (Will+)
You are robust. (+10% HP)
You occasionally shout uncontrollably at your foes.
You do not regenerate when monsters are visible.
Your muscles are strong. (Str +2)
Your spells are a little easier to cast, but a little less powerful.
You expend magic power (3 MP) to strengthen your wands.


Message History

Unknown command.
Casting: Iron Shot (safe; 0% risk of failure)
Confirm with . or Enter, or press ? or * to list all spells.
Aiming: Iron Shot (safe; 0% risk of failure)
Press: ? - help, Shift-Dir - straight line, f - Orb Guardian
Aim: an Orb Guardian (umbra, 73% to hit)
You feel a surge of power!
The iron shot misses the Orb Guardian.
Your shadow mimicks your spell!
The shadow shard hits the Orb Guardian!
Unknown command.
Casting: Iron Shot (safe; 0% risk of failure)
Confirm with . or Enter, or press ? or * to list all spells.
Aiming: Iron Shot (safe; 0% risk of failure)
Press: ? - help, Shift-Dir - straight line, f/p - Orb Guardian
Aim: an Orb Guardian (lightly wounded, umbra, 73% to hit)
You feel a surge of power!
The iron shot hits the Orb Guardian!!!
The Orb Guardian is heavily wounded.
Your shadow mimicks your spell!
The shadow shard misses the Orb Guardian.
Casting: Iron Shot (safe; 0% risk of failure)
Confirm with . or Enter, or press ? or * to list all spells.
Aiming: Iron Shot (safe; 0% risk of failure)
Press: ? - help, Shift-Dir - straight line, f/p - Orb Guardian
Aim: an Orb Guardian (heavily wounded, umbra, 73% to hit)
You feel a surge of power!
The iron shot hits the Orb Guardian!!!
The Orb Guardian is almost dead.
The Orb Guardian hits you but does no damage.
You closely miss the Orb Guardian.
The Orb Guardian is almost dead.
You block the Orb Guardian's attack.
Casting: Iron Shot (safe; 0% risk of failure)
Confirm with . or Enter, or press ? or * to list all spells.
Aiming: Iron Shot (safe; 0% risk of failure)
Press: ? - help, Shift-Dir - straight line, f/p - Orb Guardian
Aim: an Orb Guardian (almost dead, umbra, 73% to hit)
You feel a surge of power!
The iron shot hits the Orb Guardian!!!
You kill the Orb Guardian!
Dithmenos accepts your kill.
There is a staircase leading out of the dungeon here.
You have escaped!

#####...
####.......
#####..........
###....#.........
##.............#..
##.............####
#.........###### #
###....#### #@.####
####


There were no monsters in sight!

Vanquished Creatures
  3 dread liches
  7 orbs of fire
  5 ancient liches
  2 Killer Klowns (Zot:5)
  Margery (Vaults:3)
  Saint Roka (Elf:3)
  4 curse toes
  Geryon (Hell)
  13 golden dragons
  A bone dragon (Crypt:3)
  Jory (Crypt:3)
  4 electric golems
  13 tentacled monstrosities
  An Ice Fiend (IceCv)
  Jorgrun (Elf:2)
  6 liches
  27 Orb Guardians
  2 deep elf blademasters (Elf:3)
  10 death cobs
  Murray (Depths:5)
  8 titans
  10 quicksilver dragons
  An Executioner (D:6)
  2 deep elf master archers (Elf:3)
  The ghost of Miduin the Bludgeoner, an adept TeSu of Okawaru (Vaults:2)
  5 acid blobs (Zot:3)
  Agnes (Spider:1)
  7 sphinxes
  17 storm dragons
  3 ancient champions
  11 tengu reavers
  10 shadow dragons
  11 fire giants
  2 revenants
  Ilsuiw (Shoals:2)
  2 deep elf sorcerers
  2 iron dragons
  12 draconian monks
  12 frost giants
  18 vault wardens
  A black sun (D:6)
  7 ghost moths
  10 emperor scorpions
  3 orc warlords
  9 draconian scorchers
  3 deep elf elementalists
  7 draconian knights
  4 balrugs
  7 draconian stormcallers
  Aizul (Vaults:2)
  3 curse skulls
  12 draconian annihilators
  8 ghouls
  8 reapers
  29 ironbound preservers
  The ghost of kuniqs the Cleaver, a journeyman DsFi of Gozag (Orc:2)
  12 draconian shifters
  10 war gargoyles
  16 black draconians
  18 green draconians
  10 vampire knights
  6 deep elf annihilators
  18 stone giants
  8 dire elephants
  11 very ugly things
  7 deep elf demonologists
  2 minotaurs
  3 entropy weavers
  26 yellow draconians
  19 purple draconians
  16 white draconians
  17 red draconians
  8 spark wasps
  7 merfolk javelineers
  3 blizzard demons
  5 crystal guardians
  An eidolon (Vaults:2)
  12 deep elf death magi
  A quicksilver dragon zombie (Crypt:3)
  12 ettins
  8 fire dragons
  7 deep elf high priests
  9 merfolk impalers
  7 jiangshi
  18 yaktaur captains
  Josephine (Lair:3)
  3 rakshasas
  9 great orbs of eyes
  2 ogre magi
  5 boulder beetles
  A hell beast (Zot:5)
  7 ironbound thunderhulks
  10 merfolk avatars
  Fannar (Lair:2)
  10 ice dragons
  7 hydras
  2 spriggan air magi
  34 vault guards
  4 peacekeepers
  2 catoblepae
  7 ironbound frosthearts
  10 centaur warriors
  An anaconda (shapeshifter) (D:15)
  31 dancing weapons
  5 merfolk aquamancers
  2 alligator snapping turtles
  4 death yaks
  9 deep troll shamans
  4 two-headed ogres
  6 satyrs
  7 tengu warriors
  4 vampire magi (Depths:1)
  15 deep troll earth magi
  6 ironbound beastmasters
  4 soul eaters
  20 hell knights
  7 orc high priests
  4 spriggan berserkers
  6 hell hogs (Hell)
  8 iron trolls
  24 deep elf knights
  5 sun demons
  29 skeletal warriors
  2 shadow wraiths
  2 fire crabs (Shoals:2)
  9 sea snakes
  The ghost of Beaer the Covert, a novice VSBr of Okawaru (D:7)
  85 deep trolls
  3 large abominations (Depths:4)
  An iron giant zombie (Crypt:1)
  2 bog bodies (Crypt:2)
  5 glowing orange brains
  2 anaconda zombies (Hell)
  2 death drakes (Depths:5)
  9 unseen horrors
  An infernal demonspawn (Zot:3)
  2 flayed ghosts
  A gelid demonspawn (Depths:3)
  An iron giant skeleton (Crypt:2)
  3 anaconda skeletons
  12 deep elf archers
  A swamp dragon (shapeshifter) (Vaults:5)
  33 deep elf pyromancers
  16 necromancers
  14 harpies
  3 lindwurms
  A shadow demon (D:8)
  12 wizards
  A golden dragon skeleton (Depths:4)
  30 wolf spiders
  13 phantasmal warriors
  6 orc knights
  2 shadow dragon skeletons
  20 fauns
  13 ironbound convokers
  A sphinx zombie (Crypt:1)
  5 orc sorcerers
  35 deep elf zephyrmancers
  15 orb spiders
  5 cyclopes
  An oklob plant (Zot:3)
  A wolf spider zombie (D:13)
  A frost giant zombie (Depths:1)
  36 ugly things
  A salamander (shapeshifter) (D:15)
  13 manticores
  A goliath frog skeleton (Crypt:2)
  10 merfolk sirens
  A dire elephant zombie (Crypt:1)
  6 water nymphs
  9 fire giant skeletons (Crypt:3)
  A moth of wrath (shapeshifter) (Vaults:5)
  31 moths of wrath
  A stone giant skeleton (Crypt:2)
  9 rust devils
  2 ice statues
  18 elephants
  A water nymph (shapeshifter) (Depths:3)
  5 gargoyles
  5 molten gargoyles
  3 black mambas
  A frost giant skeleton (Depths:4)
  6 smoke demons
  22 vault sentinels
  2 hellions
  13 cane toads
  A shock serpent skeleton (Crypt:2)
  5 orange demons (D:12)
  9 rime drakes
  A pale draconian zombie (Crypt:1)
  13 demonic crawlers
  4 tengu conjurers
  2 golden dragon simulacra (IceCv)
  10 komodo dragons
  34 yaktaurs
  A minotaur skeleton (Crypt:3)
  2 kobold demonologists
  2 harpy zombies (Shoals:3)
  9 freezing wraiths
  3 guardian mummies (Crypt:3)
  7 ice devils
  3 anaconda simulacra
  A hydra zombie (Crypt:1)
  A wind drake (shapeshifter) (Vaults:5)
  A death drake zombie (Crypt:1)
  3 red devils
  A queen bee (D:15)
  6 meliai (D:15)
  35 jumping spiders
  33 merfolk
  5 wind drakes
  8 trolls
  Grinder (D:6)
  3 polar bears
  An alligator zombie (Hell)
  5 hydra skeletons
  A polar bear (shapeshifter) (D:15)
  A blink frog (shapeshifter) (D:13)
  3 fire dragon zombies
  A tengu simulacrum (Depths:4)
  An ice dragon zombie (Depths:1)
  12 blink frogs
  3 hornets (Spider:3)
  25 slime creatures
  A jumping spider zombie (Crypt:2)
  5 snapping turtles
  A satyr zombie (Crypt:2)
  6 dream sheep
  3 flying skulls (Crypt:2)
  A deep troll skeleton (Depths:1)
  61 redbacks
  A redback (shapeshifter) (D:13)
  9 shadows
  A ynoxinul (Depths:3)
  7 spriggans (Lair:1)
  31 tarantellas
  10 fire dragon skeletons
  7 water elementals
  19 wraiths
  2 ice dragon skeletons (Crypt:3)
  3 air elementals
  12 wyverns
  4 dire elephant simulacra (IceCv)
  A fire elemental (Gauntlet)
  6 basilisks
  2 fire bats (Shoals:2)
  75 yaks
  2 vampire mosquitoes (D:15)
  5 chaos spawn
  A steam dragon (Lair:4)
  Menkaure (D:7)
  A death yak simulacrum (IceCv)
  6 wargs
  An iron troll simulacrum (IceCv)
  4 small abominations (Depths:4)
  A harpy simulacrum (IceCv)
  An acid dragon (D:15)
  A removed soldier ant (D:14)
  19 water moccasins
  An infernal demonspawn skeleton (Crypt:3)
  11 hell hounds
  2 hydra simulacra (IceCv)
  A floating eye (Depths:2)
  2 ice beasts
  12 black bears
  7 sky beasts
  3 ettin simulacra (IceCv)
  39 orc warriors
  3 phantoms
  An alligator simulacrum (Hell)
  10 necrophages
  15 ogres
  15 wolves
  A manticore zombie (Shoals:3)
  2 removed eyes of draining (shapeshifter) (D:15)
  30 centaurs
  13 kobold brigands
  2 elf zombies
  A rime drake skeleton (Crypt:2)
  An earth elemental (Elf:3)
  24 bullfrogs
  4 gnoll sergeants (D:8)
  2 elf skeletons
  A wyvern zombie (D:13)
  A troll zombie (D:7)
  10 scorpions
  A snapping turtle simulacrum (Crypt:1)
  37 killer bees
  8 wights
  A polar bear skeleton (Crypt:2)
  2 howler monkeys
  15 electric eels
  A draconian simulacrum (IceCv)
  4 crimson imps (Gauntlet)
  A quasit (D:10)
  A centaur zombie (D:11)
  39 jellies
  5 hounds
  3 gnoll shamans (D:8)
  40 orc priests
  Crazy Yiuf (D:7)
  2 bullfrog skeletons
  3 centaur skeletons
  4 human zombies
  2 human skeletons (D:7)
  3 iguanas
  3 spriggan simulacra
  Natasha (thrice) (D:3)
  19 orc wizards
  13 hell rats
  6 removed worker ants
  2 troll simulacra (IceCv)
  2 wolf simulacra (IceCv)
  A centaur simulacrum (IceCv)
  A naga zombie (Crypt:2)
  2 tengu skeletons
  2 hound skeletons (D:11)
  9 mummies (Crypt:3)
  2 removed worker ant zombies
  15 gnolls
  13 adders
  A howler monkey skeleton (D:10)
  3 naga simulacra
  2 ogre simulacra (IceCv)
  A shadow imp (D:8)
  6 white imps
  3 ufetubi (IceCv)
  6 endoplasms
  5 adder skeletons
  8 worms
  A dart slug (D:1)
  125 orcs
  11 removed leopard geckos
  2 bat zombies
  3 giant cockroaches
  19 goblins
  15 hobgoblins
  7 jackals
  25 kobolds
  4 quokkas
  3 ball pythons
  4 bats
  11 frilled lizards
  A jackal zombie (D:6)
  8 rats
  A removed leopard gecko skeleton (D:4)
  A spectral orc (D:7)
2859 creatures vanquished.

Vanquished Creatures (others)
  A fire giant (Depths:4)
  A frost giant (Depths:2)
  A merfolk aquamancer (Shoals:4)
  2 deep elf knights
  A wolf spider (Spider:1)
  A manticore (Shoals:4)
  An air elemental (Elf:1)
  2 hell rats (Hell)
  3 white imps (IceCv)
  An orc (Vaults:5)
  8 foxfires (Lair:4)
  39 fungi
  233 plants
294 creatures vanquished.

Grand Total: 3153 creatures vanquished

Notes
Turn   | Place    | Note
-------+----------+-------------------------------------------
     0 | D:1      | EWolf27 the Gargoyle Earth Elementalist began the quest for
                  | the Orb.
     0 | D:1      | Reached XP level 1. HP: 10/10 MP: 3/3
   268 | D:1      | Reached XP level 2. HP: 15/15 MP: 3/5
   751 | D:1      | Reached skill level 1 in Armour
  1012 | D:1      | Reached XP level 3. HP: 19/19 MP: 4/6
  1832 | D:2      | Found a shadowy altar of Dithmenos.
  1834 | D:2      | Found a glowing silver altar of Zin.
  1845 | D:2      | Reached XP level 4. HP: 23/24 MP: 1/7
  1903 | D:2      | Became a worshipper of Dithmenos the Shadowed
  2211 | D:3      | Learned a level 3 spell: Stone Arrow
  2277 | D:3      | Noticed Natasha
  2646 | D:3      | Reached * piety under Dithmenos
  2828 | D:3      | Reached XP level 5. HP: 28/28 MP: 6/9
  3198 | D:3      | Reached skill level 1 in Conjurations
  3287 | D:3      | Reached skill level 5 in Earth Magic
  3649 | D:3      | Found an ornate altar of the Wu Jian Council.
  3649 | D:3      | Found a sparkling altar of Nemelex Xobeh.
  3725 | D:3      | Killed Natasha
  3726 | D:3      | Reached skill level 3 in Spellcasting
  3750 | D:3      | Found an iron altar of Okawaru.
  3861 | D:3      | Found an ornate altar of the Wu Jian Council.
  3863 | D:3      | Found a sparkling altar of Nemelex Xobeh.
  4026 | D:3      | Noticed Natasha
  4035 | D:3      | Killed Natasha
  4036 | D:3      | Reached XP level 6. HP: 32/32 MP: 7/10
  4135 | D:3      | Noticed Natasha
  4188 | D:3      | Killed Natasha
  4315 | D:3      | Learned a level 5 spell: Lee's Rapid Deconstruction
  4530 | D:3      | Found an iron altar of Okawaru.
  5156 | D:4      | Reached XP level 7. HP: 27/36 MP: 8/12
  5788 | D:4      | Reached ** piety under Dithmenos
  5878 | D:4      | Upgraded the game from 0.26-a0-1058-g8dc6ce00ff to
                  | 0.26-a0-1079-g3a4175ecf3
  6129 | D:4      | Found a blossoming altar of Fedhas.
  6168 | D:5      | Entered Level 5 of the Dungeon
  6746 | D:5      | Reached skill level 4 in Spellcasting
  6842 | D:5      | Found a sparkling altar of Nemelex Xobeh.
  7345 | D:5      | Reached XP level 8. HP: 26/41 MP: 12/14
  7688 | D:5      | Reached skill level 1 in Maces & Flails
  8396 | D:6      | Found a staircase to the Ecumenical Temple.
  8533 | D:6      | Reached skill level 5 in Spellcasting
  8576 | D:6      | Noticed Grinder
  8588 | D:6      | Killed Grinder
  8589 | D:6      | Reached skill level 5 in Conjurations
  9432 | D:7      | Found Ecaunip's Distillery.
  9437 | D:7      | Bought a potion of lignification for 39 gold pieces
  9702 | D:7      | Upgraded the game from 0.26-a0-1079-g3a4175ecf3 to
                  | 0.26-a0-1101-g8f9f7f7418
  9702 | D:7      | Reached XP level 9. HP: 45/45 MP: 11/17
 10052 | D:7      | Found a runed translucent gate.
 10053 | D:7      | Found a runed translucent gate.
 10054 | D:7      | Found a runed translucent gate.
 10059 | D:7      | Noticed Beaer's ghost (novice VSBr)
 10063 | D:7      | Identified the cursed +0 short sword of Qevokhann {venom,
                  | Dex+3 Stlth+}
 10117 | D:7      | Noticed Menkaure
 10131 | D:7      | Found a basalt altar of Yredelemnul.
 10262 | D:7      | Found an ancient bone altar of Kikubaaqudgha.
 10491 | D:7      | Reached skill level 6 in Spellcasting
 10585 | D:7      | Reached skill level 1 in Fighting
 10673 | D:7      | Reached *** piety under Dithmenos
 11383 | D:7      | Killed Menkaure
 11661 | D:7      | Found a runed translucent door.
 11662 | D:7      | Noticed Crazy Yiuf
 11667 | D:7      | Killed Crazy Yiuf
 11720 | D:7      | Reached XP level 10. HP: 52/54 MP: 9/19
 11785 | D:8      | Reached skill level 5 in Maces & Flails
 11923 | D:8      | Reached skill level 10 in Earth Magic
 13225 | D:8      | Found a basalt altar of Yredelemnul.
 13229 | D:8      | Found a staircase to the Lair.
 13333 | D:8      | Reached skill level 5 in Fighting
 13406 | D:8      | Reached **** piety under Dithmenos
 13936 | D:8      | Reached skill level 1 in Shields
 13938 | D:8      | Reached skill level 5 in Stealth
 14070 | D:8      | Noticed a two-headed ogre
 14075 | D:8      | Killed a two-headed ogre
 14076 | D:8      | Reached XP level 11. HP: 64/64 MP: 12/20
 14510 | D:8      | Upgraded the game from 0.26-a0-1101-g8f9f7f7418 to
                  | 0.26-a0-1129-gc5df7fbe6a
 14667 | D:8      | Learned a level 1 spell: Apportation
 15966 | D:9      | Reached skill level 5 in Shields
 16258 | D:10     | Entered Level 10 of the Dungeon
 16544 | D:10     | Found Ihoforam's Antique Armour Shop.
 16644 | D:10     | Bought a pair of runed boots for 285 gold pieces
 16776 | D:10     | Reached ***** piety under Dithmenos
 17050 | D:10     | Found a staircase to the Orcish Mines.
 17667 | D:10     | Killed an unseen horror
 18079 | D:11     | Learned a level 1 spell: Foxfire
 18302 | D:11     | Found Zumpytzea's Weapon Shoppe.
 18426 | D:11     | Noticed a two-headed ogre
 18471 | D:11     | Killed a two-headed ogre
 18472 | D:11     | Reached skill level 1 in Fire Magic
 18472 | D:11     | Reached XP level 12. HP: 56/70 MP: 9/22
 19328 | D:12     | Reached skill level 7 in Spellcasting
 19492 | D:12     | Reached skill level 5 in Armour
 19570 | D:12     | Noticed a boulder beetle
 20367 | D:13     | Noticed a boulder beetle
 20536 | D:13     | Noticed a seven-headed hydra
 20555 | D:13     | Killed a seven-headed hydra
 20640 | D:13     | Noticed a centaur warrior
 20649 | D:13     | Killed a centaur warrior
 20731 | D:13     | Noticed a centaur warrior
 20737 | D:13     | Killed a centaur warrior
 20885 | D:13     | Noticed a six-headed hydra
 21144 | D:13     | Found a portal to a secret trove of treasure.
 21304 | D:13     | Killed a six-headed hydra
 21539 | D:13     | Noticed a four-headed hydra
 21544 | D:13     | Killed a four-headed hydra
 21545 | D:13     | Reached skill level 8 in Spellcasting
 21545 | D:13     | Reached XP level 13. HP: 74/74 MP: 3/25
 21887 | D:13     | Found a gate to the Vaults.
 22046 | D:10     | Bought a glowing troll leather armour for 684 gold pieces
 22151 | Lair:1   | Entered Level 1 of the Lair of Beasts
 22471 | Lair:1   | Reached skill level 10 in Maces & Flails
 22521 | Lair:1   | Reached ****** piety under Dithmenos
 23928 | Lair:2   | Reached skill level 1 in Short Blades
 23943 | Lair:2   | Reached skill level 10 in Stealth
 24449 | Lair:2   | Noticed Fannar
 24459 | Lair:2   | Killed Fannar
 24460 | Lair:2   | Reached skill level 9 in Spellcasting
 25344 | Lair:3   | Reached skill level 1 in Invocations
 25849 | Lair:3   | Learned a level 6 spell: Iron Shot
 26516 | Lair:4   | Noticed Josephine
 26993 | Lair:3   | Gained mutation: Your large and strong wings let you fly.
                  | [Gargoyle growth]
 26993 | Lair:3   | Reached XP level 14. HP: 51/80 MP: 24/27
 28070 | Lair:3   | Killed Josephine
 28963 | Lair:3   | Upgraded the game from 0.26-a0-1129-gc5df7fbe6a to
                  | 0.26-a0-1131-g5f66e2dd50
 30004 | Lair:4   | Found a hole to the Spider Nest.
 30123 | Spider:1 | Entered Level 1 of the Spider Nest
 30138 | Spider:1 | Noticed an emperor scorpion
 30142 | Spider:1 | Got a twitching ivory ring
 30143 | Spider:1 | Identified the ring of Yendor {*Slow +Inv +Fly rF+ Str+8}
                  | (You found it on level 1 of the Spider Nest)
 30145 | Spider:1 | Found a frozen archway.
 30209 | IceCv    | Entered an ice cave
 31391 | IceCv    | Reached skill level 10 in Conjurations
 31724 | IceCv    | Noticed an Ice Fiend
 32547 | IceCv    | Killed an Ice Fiend
 32659 | IceCv    | Identified the Tome of Lethal Weightlessness
 33026 | Lair:4   | Found a staircase to the Shoals.
 33522 | Lair:5   | Reached skill level 10 in Spellcasting
 34338 | Lair:5   | Learned a level 9 spell: Shatter
 34775 | Lair:5   | Reached XP level 15. HP: 89/89 MP: 17/29
 35595 | Lair:6   | Entered Level 6 of the Lair of Beasts
 36015 | Lair:6   | Found a gate leading to a gauntlet.
 36024 | Gauntlet | Entered a Gauntlet
 36024 | Gauntlet | Found a transporter.
 36024 | Gauntlet | Found a transporter.
 36024 | Gauntlet | Found a transporter.
 36048 | Gauntlet | Found a transporter.
 36058 | Gauntlet | Found a transporter.
 36060 | Gauntlet | Found a transporter.
 36070 | Gauntlet | Found a transporter.
 36090 | Gauntlet | Found a transporter.
 36107 | Gauntlet | Found a transporter.
 36110 | Gauntlet | Found a transporter.
 36118 | Gauntlet | Found a transporter.
 36119 | Gauntlet | Identified the ring of Duhun {rN+ EV+4 Int+2}
 36165 | Gauntlet | Found a transporter.
 36547 | Gauntlet | Identified Xonepn's Catalogue of Dusty Ice
 36563 | Gauntlet | Identified the Almanac of Dark Flames
 36565 | Gauntlet | Got a shimmering hat
 36567 | Gauntlet | Identified the cursed +0 hat of the Armoured One {+Blink
                  | +Fly rC+ Dex-4} (You found it in a Gauntlet)
 38396 | Lair:6   | Found a staircase to the Slime Pits.
 38830 | Lair:6   | Reached skill level 10 in Fighting
 40492 | D:14     | Found a burning altar of Makhleb.
 40492 | D:14     | Found Xuaxen's Blasphemy Boutique.
 40811 | D:14     | Reached skill level 15 in Earth Magic
 41165 | D:14     | Found Pebbarch's Jewellery Boutique.
 42007 | Orc:1    | Entered Level 1 of the Orcish Mines
 42556 | Orc:1    | Found a flagged portal.
 42576 | Bailey   | Entered a bailey
 43345 | Bailey   | Found an iron altar of Okawaru.
 43376 | Bailey   | Acquired a +2 pair of gloves of strength
 43945 | Orc:1    | Upgraded the game from 0.26-a0-1131-g5f66e2dd50 to
                  | 0.26-a0-1132-ge9770dfcb6
 44250 | Orc:2    | Entered Level 2 of the Orcish Mines
 44928 | Orc:2    | Noticed kuniqs's ghost (journeyman DsFi)
 44963 | Orc:2    | Found a runed translucent gate.
 44963 | Orc:2    | Found a runed translucent gate.
 44963 | Orc:2    | Found a runed translucent gate.
 45190 | Orc:2    | Reached XP level 16. HP: 99/99 MP: 30/30
 45269 | Orc:2    | Found Igiv's Magic Scroll Shoppe.
 45269 | Orc:2    | Found Warri's Gadget Boutique.
 45449 | Orc:2    | Bought a scroll of holy word for 90 gold pieces
 45449 | Orc:2    | Bought a scroll of blinking for 90 gold pieces
 45485 | Orc:2    | Found a roughly hewn altar of Beogh.
 45975 | Orc:2    | Paralysed by an orc sorcerer for 5 turns
 46173 | Orc:2    | Found a staircase to the Elven Halls.
 46969 | Orc:2    | Found Dejuergh's Antique Weapon Shoppe.
 46969 | Orc:2    | Found Zuyf Rei's Armour Boutique.
 46989 | Orc:2    | Bought the +3 warlock's mirror {reflect} for 440 gold
                  | pieces
 46989 | Orc:2    | Found the +3 warlock's mirror {reflect}
 47848 | D:15     | Entered Level 15 of the Dungeon
 47988 | D:15     | Identified the +0 pair of boots of the Nine of Wands {rF+
                  | Int+5} (You found it on level 15 of the Dungeon)
 50098 | D:15     | Found a staircase to the Depths.
 51345 | Spider:1 | Upgraded the game from 0.26-a0-1132-ge9770dfcb6 to
                  | 0.27-a0-457-gba82baf56e
 52413 | Spider:1 | Upgraded the game from 0.27-a0-457-gba82baf56e to
                  | 0.27-a0-637-g3a9f0a9c12
 53286 | Spider:2 | Noticed Agnes
 54027 | Spider:2 | Upgraded the game from 0.27-a0-637-g3a9f0a9c12 to
                  | 0.27-a0-661-gca034ae587
 55366 | Spider:2 | Upgraded the game from 0.27-a0-661-gca034ae587 to
                  | 0.27-a0-860-gaf99fae3ca
 55526 | Spider:2 | Reached XP level 17. HP: 63/106 MP: 1/31
 56437 | Spider:3 | Upgraded the game from 0.27-a0-860-gaf99fae3ca to
                  | 0.27-a0-911-gfacc31910f
 58673 | Spider:4 | Entered Level 4 of the Spider Nest
 61261 | Spider:4 | Reached skill level 15 in Conjurations
 64361 | Spider:4 | Got a gossamer rune of Zot
 64625 | Spider:1 | Killed Agnes
 64745 | Shoals:1 | Entered Level 1 of the Shoals
 65369 | Shoals:1 | Found a snail-covered altar of Cheibriados.
 65511 | Shoals:1 | Upgraded the game from 0.27-a0-911-gfacc31910f to
                  | 0.27-a0-984-g00e00afbbc
 66421 | Shoals:2 | Reached XP level 18. HP: 97/117 MP: 14/32
 66625 | Shoals:2 | Noticed Ilsuiw
 67304 | Shoals:2 | Killed Ilsuiw
 68462 | Shoals:1 | Upgraded the game from 0.27-a0-984-g00e00afbbc to
                  | 0.27-a0-1046-g98bf31544f
 68614 | Shoals:2 | Found Zodghofot's Book Shoppe.
 68639 | Shoals:2 | Upgraded the game from 0.27-a0-1046-g98bf31544f to
                  | 0.27-a0-1060-gcb85b5eba1
 68793 | Shoals:2 | Identified the +3 great sword "Wiwoull" {drain, rPois rN+
                  | Dex+3}
 70179 | Shoals:2 | Reached skill level 10 in Shields
 70339 | Shoals:2 | Upgraded the game from 0.27-a0-1060-gcb85b5eba1 to
                  | 0.27-a0-1065-ge809cff456
 70647 | Shoals:3 | Reached skill level 15 in Fighting
 72090 | Shoals:3 | Found Bylappam's Antique Armour Shop.
 72904 | Elf:1    | Entered Level 1 of the Elven Halls
 73059 | Elf:1    | Found a magical portal.
 73064 | WizLab   | Entered The Roulette of Golubria
 73064 | WizLab   | Found a transporter.
 74513 | Elf:1    | Found Kotoun's Book Boutique.
 74562 | Elf:1    | Found Immilapa's Antique Armour Boutique.
 74567 | Elf:1    | Bought a pair of steaming gloves for 342 gold pieces
 74567 | Elf:1    | Identified the +2 pair of gloves "Ohout" {rF- Will+ MP+9
                  | Str+4} (You bought it in a shop on level 1 of the Elven
                  | Halls)
 74618 | Elf:1    | Bought an ichor-stained helmet for 342 gold pieces
 74618 | Elf:1    | Identified the +1 helmet "Waodu" {Str+5} (You bought it in
                  | a shop on level 1 of the Elven Halls)
 75403 | Elf:2    | Reached skill level 1 in Staves
 75403 | Elf:2    | Noticed Jorgrun
 75460 | Elf:2    | Reached XP level 19. HP: 118/125 MP: 31/33
 77413 | Elf:2    | Killed Jorgrun
 77584 | Elf:2    | Found a huge runed translucent gate.
 77584 | Elf:2    | Found a huge runed translucent gate.
 77584 | Elf:2    | Found a huge runed translucent gate.
 77584 | Elf:2    | Found a huge runed translucent gate.
 77596 | Elf:2    | Found a huge runed translucent gate.
 79231 | Orc:2    | Killed kuniqs's ghost
 79664 | Shoals:4 | Entered Level 4 of the Shoals
 80552 | Shoals:4 | Reached skill level 5 in Staves
 81007 | Shoals:4 | Found Gega's Mayhem Merchandise.
 81032 | Shoals:4 | Reached skill level 11 in Spellcasting
 81339 | Shoals:4 | Found a burning altar of Makhleb.
 82125 | Shoals:4 | Reached XP level 20. HP: 132/132 MP: 5/35
 82496 | Shoals:4 | Got a barnacled rune of Zot
 83029 | Vaults:1 | Entered Level 1 of the Vaults
 83340 | Vaults:1 | Identified the +0 leather armour "Quito" {Harm Dex+3}
 83798 | Vaults:1 | Found Kesaalut's General Store.
 84179 | Vaults:1 | Identified the +5 great sword "Elinkova" {flame, rElec
                  | SInv}
 85967 | Vaults:1 | Reached skill level 12 in Spellcasting
 86950 | Vaults:2 | Found Neliut's Antique Armour Shoppe.
 87208 | Vaults:2 | Found a staircase to the Crypt.
 87364 | Vaults:2 | Noticed Aizul
 87371 | Vaults:2 | Killed Aizul
 88513 | Vaults:2 | Reached XP level 21. HP: 110/137 MP: 2/37
 88663 | Vaults:2 | Reached skill level 10 in Armour
 89109 | Vaults:2 | Identified the Tome of the Raven
 90020 | Vaults:2 | Found a large runed translucent door.
 90020 | Vaults:2 | Found a large runed translucent door.
 90020 | Vaults:2 | Noticed Miduin's ghost (adept TeSu)
 90460 | D:7      | Killed Beaer's ghost
 90897 | Crypt:1  | Entered Level 1 of the Crypt
 91434 | Vaults:3 | Found Banalipp's Armour Boutique.
 93260 | Vaults:3 | Reached skill level 13 in Spellcasting
 93737 | Vaults:3 | Noticed Margery
 93746 | Vaults:3 | Killed Margery
 94305 | Vaults:3 | Upgraded the game from 0.27-a0-1065-ge809cff456 to
                  | 0.27-a0-1066-g29160eaed2
 94994 | Vaults:3 | Identified the +5 scale mail "Lusur" {Will++ Int+4 Dex-3}
 96185 | Vaults:4 | Reached XP level 22. HP: 124/144 MP: 28/39
 96629 | Vaults:4 | Reached skill level 1 in Evocations
 97266 | Vaults:4 | Found a transporter.
 97305 | Vaults:4 | Found a transporter.
 98835 | Vaults:4 | Identified the ring of Sul Ipn {Fly rF+}
 98845 | Vaults:4 | Identified the amulet "Ivoyqis" {Reflect Dex+4 SH+5}
 98851 | Vaults:4 | Identified the ring of Foduiclo {rPois Str-5 Int+6 SInv}
 99300 | Elf:3    | Entered Level 3 of the Elven Halls
 99300 | Elf:3    | Found Tufevije's Magic Scroll Boutique.
 99302 | Elf:3    | Reached skill level 14 in Spellcasting
 99382 | Elf:3    | Bought a scroll of teleportation for 39 gold pieces
 99382 | Elf:3    | Bought a scroll of teleportation for 39 gold pieces
 99382 | Elf:3    | Bought a scroll of teleportation for 39 gold pieces
 99828 | Elf:3    | Identified the +10 dagger of Taleus {flame, Int+3}
 99828 | Elf:3    | Identified the ring "Bolas" {Will+ rCorr Int-5 SInv}
 99852 | Elf:3    | Identified the +10 rapier "Osal" {freeze, rF- Int+3 Stlth+}
100627 | Elf:3    | Found the +3 Elemental Staff {rElec rF++ rC++ Will++ AC+5}
100763 | Elf:3    | Bought a scroll of fog for 26 gold pieces
101040 | Elf:3    | Identified the +6 hunting sling of Ziakor {speed, rC+
                  | Int+2}
101042 | Elf:3    | Identified the Volume of Stones and the Escort
101533 | Elf:3    | Noticed Saint Roka
101805 | Elf:3    | Killed Saint Roka
102507 | Vaults:2 | Reached XP level 23. HP: 145/153 MP: 33/41
102516 | Vaults:2 | Killed Miduin's ghost
103076 | Crypt:1  | Identified the ring "Dikask" {Fire rN+ Will+ Dex-5 SInv}
103843 | Crypt:1  | Reached skill level 15 in Spellcasting
104646 | D:14     | Bought the ring of Zothol {rF++ EV+4} for 847 gold pieces
104891 | Crypt:2  | Noticed a dread lich
104903 | Crypt:2  | Killed a dread lich
106002 | Crypt:3  | Entered Level 3 of the Crypt
106924 | Crypt:3  | Noticed Jory
106969 | Crypt:3  | Reached skill level 15 in Armour
107061 | Crypt:3  | Killed Jory
107792 | Crypt:3  | Found the +8 Vampire's Tooth {vamp}
108858 | Crypt:3  | Identified the +1 robe of Baldness {Int+2}
109343 | Crypt:3  | Reached skill level 16 in Spellcasting
109511 | Crypt:3  | Found a staircase to the Tomb.
109515 | Crypt:3  | Found the +8 orange crystal plate armour {Archmagi, Int+3
                  | Clar}
110414 | Crypt:3  | Found an ancient bone altar of Kikubaaqudgha.
110448 | Crypt:3  | Noticed a dread lich
110460 | Crypt:3  | Killed a dread lich
110514 | Crypt:3  | Found the +8 glaive of the Guard {elec, spectral, AC+5}
110517 | Crypt:3  | Reached XP level 24. HP: 160/160 MP: 43/43
110552 | Crypt:3  | Noticed a dread lich
110557 | Crypt:3  | Killed a dread lich
110952 | Vaults:4 | Learned a level 9 spell: Fire Storm
110962 | Vaults:4 | Learned a level 9 spell: Tornado
110990 | Vaults:5 | Entered Level 5 of the Vaults
111966 | Depths:1 | Entered Level 1 of the Depths
113702 | Depths:1 | Identified the +10 scythe of Risk Management {freeze,
                  | rElec}
113702 | Depths:1 | Identified the ring of Raczace {rPois rN+ rCorr MP+9
                  | Stlth+}
114176 | Depths:1 | Reached skill level 17 in Spellcasting
114219 | Depths:1 | Identified the +4 glaive of Disembowelment {freeze, Str+5}
114353 | Depths:1 | Found a gateway to a ziggurat.
114376 | Depths:1 | Found a gateway to Hell.
116770 | Depths:2 | Identified the +1 leather armour of Foolhardiness {rF+ rC-
                  | rN+}
116801 | Depths:2 | Upgraded the game from 0.27-a0-1066-g29160eaed2 to
                  | 0.27-a0-1078-g0d77da13b5
116876 | Depths:2 | Found Qogreang's Magic Scroll Boutique.
116880 | Depths:2 | Found Zoazub's Armour Boutique.
116880 | Depths:2 | Found Gefig's Distillery.
116883 | Depths:2 | Found Gohair's General Store.
116891 | Depths:2 | Bought a potion of heal wounds for 60 gold pieces
116891 | Depths:2 | Bought a potion of heal wounds for 60 gold pieces
116897 | Depths:2 | Bought a scroll of blinking for 120 gold pieces
117055 | Depths:2 | Found a radiant altar of Vehumet.
118061 | Depths:2 | Bought a scroll of acquirement for 1040 gold pieces
118061 | Depths:2 | Acquired the ring of Borucu {rF++ Will++ Int+6 Stlth-}
118176 | Depths:3 | Reached XP level 25. HP: 165/165 MP: 37/44
118412 | Depths:3 | Found a transporter.
119208 | Depths:3 | Found a transporter.
119599 | Depths:3 | Identified the ring of the Past {Wiz rF+ rC++ MP-9 Str+3}
119789 | Depths:3 | Reached skill level 5 in Invocations
119957 | Depths:3 | Identified the amulet of Kaf Gasm {RegenMP rF+}
120267 | Hell     | Entered the Vestibule of Hell
120267 | Hell     | Noticed Geryon
120326 | Hell     | Killed Geryon
121263 | Depths:4 | Acquired 650 gold pieces
121700 | Depths:4 | Reached skill level 5 in Fire Magic
121773 | Depths:4 | Identified the +2 pair of boots "Mumurin" {rElec Dex+3
                  | SInv}
122236 | Depths:4 | Found a one-way gate to the infinite horrors of the Abyss.
122495 | Hell     | Noticed Murray
122652 | Depths:3 | Found a one-way gate leading to the halls of Pandemonium.
123266 | Depths:4 | Upgraded the game from 0.27-a0-1078-g0d77da13b5 to
                  | 0.27-a0-1083-gcf8293e1eb
123743 | Depths:4 | Reached skill level 15 in Stealth
123951 | Depths:4 | Reached skill level 18 in Spellcasting
124021 | Depths:4 | Learned a level 5 spell: Fireball
124333 | Depths:5 | Entered Level 5 of the Depths
127194 | Depths:5 | Upgraded the game from 0.27-a0-1083-gcf8293e1eb to
                  | 0.27-a0-1105-g946c659c87
127609 | Depths:5 | Found a sacrificial altar of Ru.
127640 | Depths:5 | Reached XP level 26. HP: 172/172 MP: 36/45
128391 | Depths:5 | Killed Murray
129358 | Depths:5 | Identified the +5 halberd "Tigolo" {freeze, rC+ rN+ Str+4
                  | Stlth+}
129557 | Depths:5 | Found a gate to the Realm of Zot.
131908 | Vaults:5 | Reached skill level 19 in Spellcasting
131908 | Vaults:5 | Reached skill level 10 in Fire Magic
131910 | Vaults:5 | Noticed an ancient lich
131987 | Vaults:5 | Killed an ancient lich
133209 | Vaults:5 | Reached skill level 20 in Spellcasting
133209 | Vaults:5 | Reached XP level 27. HP: 164/176 MP: 32/47
133900 | Vaults:5 | Noticed an ancient lich
134243 | Vaults:5 | Killed an ancient lich
134376 | Vaults:5 | Identified the ring "Bicrigim" {rPois rF++ rN+ rCorr Int+2}
134823 | Vaults:5 | Reached skill level 21 in Spellcasting
134916 | Vaults:5 | Identified the +3 battleaxe of Muyxeuv {vorpal, rF+}
134958 | Vaults:5 | Identified the ring of the Heron {*Corrode rElec Slay+4
                  | Stlth+}
134970 | Vaults:5 | Identified the +7 arbalest of the Peculiar Xenops {venom,
                  | Dex+2}
135105 | Vaults:5 | Identified the amulet of Doubts {rC+ Regen+}
135213 | Vaults:5 | Noticed an ancient lich
135216 | Vaults:5 | Killed an ancient lich
135861 | Vaults:5 | Got a silver rune of Zot
136702 | Hell     | Reached skill level 5 in Evocations
137256 | Depths:1 | Learned a level 8 spell: Lehudib's Crystal Spear
137832 | Hell     | Found a gateway to the freezing wastes of Cocytus.
137942 | Hell     | Found a gateway to the Iron City of Dis.
138267 | Hell     | Found a gateway to the ashen valley of Gehenna.
138341 | Hell     | Found a gateway to the decaying netherworld of Tartarus.
138561 | Zot:1    | Entered Level 1 of the Realm of Zot
141116 | Zot:1    | Found a basalt altar of Yredelemnul.
141136 | Zot:1    | Identified Naohew's Handbook of the Zealot
141249 | Zot:1    | Identified the Tome of Fire and Brimstone
143434 | Zot:1    | Reached skill level 15 in Fire Magic
145037 | Zot:2    | Identified the +5 ring mail of Xoump {rC+ Int+2}
145654 | Zot:2    | Noticed an orb of fire
145661 | Zot:2    | Killed an orb of fire
146635 | Zot:3    | Reached skill level 10 in Invocations
149688 | Zot:4    | Noticed an orb of fire
149690 | Zot:4    | Gained mutation: Armour fits poorly on your strangely
                  | shaped body. [an orb of fire]
149691 | Zot:4    | Killed an orb of fire
149778 | Zot:3    | Lost mutation: Armour fits poorly on your strangely shaped
                  | body. [potion of mutation]
149778 | Zot:3    | Gained mutation: Your magical capacity is low. (-10% MP)
                  | [potion of mutation]
149778 | Zot:3    | Gained mutation: You do not regenerate when monsters are
                  | visible. [potion of mutation]
149778 | Zot:3    | Gained mutation: You expend magic power (3 MP) to
                  | strengthen your wands. [potion of mutation]
149779 | Zot:3    | Lost mutation: You expend magic power (3 MP) to strengthen
                  | your wands. [potion of mutation]
149779 | Zot:3    | Lost mutation: Your magical capacity is low. (-10% MP)
                  | [potion of mutation]
149779 | Zot:3    | Gained mutation: You tend to lose your temper in combat.
                  | [potion of mutation]
149779 | Zot:3    | Gained mutation: Your body sometimes deteriorates upon
                  | taking damage. [potion of mutation]
149779 | Zot:3    | Gained mutation: You expend magic power (3 MP) to
                  | strengthen your wands. [potion of mutation]
149780 | Zot:3    | Lost mutation: Your body sometimes deteriorates upon taking
                  | damage. [potion of mutation]
149780 | Zot:3    | Lost mutation: You tend to lose your temper in combat.
                  | [potion of mutation]
149780 | Zot:3    | Gained mutation: You are robust. (+10% HP) [potion of
                  | mutation]
149780 | Zot:3    | Gained mutation: Your spells are a little easier to cast,
                  | but a little less powerful. [potion of mutation]
149780 | Zot:3    | Gained mutation: Your muscles are strong. (Str +2) [potion
                  | of mutation]
149780 | Zot:3    | Gained mutation: You are strong-willed. (Will+) [potion of
                  | mutation]
150621 | Zot:5    | Entered Level 5 of the Realm of Zot
151428 | Zot:4    | Reached skill level 22 in Spellcasting
151811 | Zot:5    | Noticed an orb of fire
151816 | Zot:5    | Gained mutation: You occasionally shout uncontrollably at
                  | your foes. [an orb of fire]
151817 | Zot:5    | Killed an orb of fire
152602 | Zot:5    | Noticed an ancient lich
152606 | Zot:5    | Killed an ancient lich
153114 | Zot:5    | Noticed an orb of fire
153117 | Zot:5    | Killed an orb of fire
153457 | Zot:5    | Noticed an orb of fire
153463 | Zot:5    | Killed an orb of fire
153925 | Zot:5    | Noticed an ancient lich
153930 | Zot:5    | Noticed an orb of fire
154087 | Zot:5    | Killed an orb of fire
154090 | Zot:5    | Killed an ancient lich
155277 | Zot:5    | Noticed an orb of fire
155314 | Zot:5    | Killed an orb of fire
155586 | Zot:5    | Reached skill level 23 in Spellcasting
155841 | Zot:5    | Got the Orb of Zot
156029 | Zot:1    | Noticed Lafi the pandemonium lord
156603 | D:5      | Noticed Ecyzoq the pandemonium lord
156776 | D:$      | Escaped with the Orb!

Illustrated notes

Levels and vault maps discovered:
D:1:      eino_arrival_cavern_e, layout_rooms
D:2:      layout_loops_ring, chequers_temple_overflow_statue_of_worship,
          chequers_serial_rivers_marsh
D:3:      layout_loops_ring, marbit_many_paths,
          gammafunk_temple_overflow_statue, uniq_natasha
D:4:      layout_cave_pools, fedhas_altar_fruit_tree
D:5:      layout_basic, serial_curves, eino_curves_02, eino_curves_03,
          nemelex_lonely_heart_becter
D:6:      layout_gridville, minmay_temple_entry_tees, uniq_grinder
D:7:      layout_rooms, lemuel_mausoleum_altar_kikubaaqudgha,
          yredelemnul_forgotten_temple_becter, gammafunk_ghost_nasty_kobolds,
          serial_shops, kennysheep_little_box, uniq_menkaure,
          uniq_crazy_yiuf_cottage
D:8:      kennysheep_town
D:9:      layout_cave_pools
D:10:     layout_loops_corners, erik_orc_4, serial_shops, shop
D:11:     layout_loops_ring, serial_shops, shop, chequers_hall_statues_corner_a,
          minivault_1
D:12:     layout_basic, chequers_jeans, minmay_beelzebubs_servants
D:13:     layout_roguey, david_vaults_4, nicolae_trove_entry_isolated,
          small_statue_intersection
D:14:     layout_long_grid, serial_shops, nicolae_shop_trees,
          ebering_dispersal_statue_hall, nicolae_evil_shop
D:15:     gammafunk_enter_depths_forms, layout_basic, special_room
          [special_room_bee]
Lair:1:   kb_forest_paths, layout_chaotic_city, infiniplex_staircase_pool
Lair:2:   layout_gridlike, infiniplex_staircase_pool_2, uniq_fannar
Lair:3:   layout_misc_corridors, nicolae_quartered_pool_medium
Lair:4:   layout_cave_shapes, minmay_shoals_entry_lonely_mermaid,
          nicolae_spider_entry_non_spiders, special_room
          [special_room_mythical_zoo], uniq_josephine
Lair:5:   layout_cave_pods, serial_bayou_shore_a, grunt_megastairs_2
Lair:6:   grunt_lair_end_beastmaster, layout_regular_city,
          minmay_slime_entry_jelly_boxes, gauntlet_entry_generic,
          serial_bayou_shore_b
Shoals:1: layout_shoals, lemuel_centaur_altar
Shoals:2: layout_shoals, serial_shops, nicolae_shop_competitors_out_of_business,
          hangedman_shoal_volcano, uniq_ilsuiw
Shoals:3: layout_shoals, serial_shops, shop, nicolae_shoals_undead_eyrie
Shoals:4: shoals_end_simple, layout_shoals, minmay_shop_mayhem,
          lemuel_altar_in_water, overgrown_hall
Spider:1: layout_spider_delve, portal_ice_cave_entry_pillars_1
Spider:2: layout_spider_delve, hangedman_spider_tarantella_strand, uniq_agnes
Spider:3: nicolae_spider_corner
Spider:4: grunt_spider_rune_circles
Orc:1:    layout_caves, enter_bailey_5
Orc:2:    st_orc_town, layout_caves, maelrawn_ghost_gauntlet_escape
Elf:1:    layout_loops_corners, mu_enter_wizlab_2,
          kennysheep_underground_church, grunt_ministairs_8,
          chequers_hall_statues_wall_a, small_statue_intersection,
          minmay_shop_star
Elf:2:    layout_loops_cross, serial_glass, glass_columns_a, glass_columns_b,
          uniq_jorgrun
Elf:3:    elf_hall, layout_geoelf_grid, serial_shops, shop, uniq_saint_roka
Vaults:1: st_cells, v_pattern_3, v_misc_17, grunt_vaults_funnel,
          nicolae_vaults_specimen_jars, vaults_mumra_minichess_inversion,
          hangedman_vaults_river_flow, nicolae_vaults_mini_display_case,
          hangedman_vaults_capsules, vaults_dpeg_encased_lava,
          vaults_dpeg_hooks, layout_vaults_quadrants, serial_shops,
          nicolae_shop_stone
Vaults:2: advil_vaults_ghost_guards, v_rooms_6, minmay_crypt_entry_simple_box,
          v_misc_28, v_misc_8, ontoclasm_vaults_twist,
          vaults_room_stairs_pillars, st_hourglassy,
          nicolae_vaults_little_squares_6, v_misc_19,
          ontoclasm_vaults_decontamination, v_misc_16, layout_vaults_big_room,
          serial_shops, shop_fountains, uniq_aizul
Vaults:3: vaults_room_boxed, grunt_vaults_trifunnel, ontoclasm_vaults_gateway,
          vaults_room_ringed_pool, hangedman_vaults_variations,
          hangedman_vaults_stagger, vaults_room_hangedman_quadrants,
          hangedman_vaults_slice, layout_vaults_omnicross, serial_shops, shop,
          uniq_margery
Vaults:4: grunt_vaults_hallway_long, nicolae_vaults_little_ls,
          nicolae_vaults_twisting_passages, v_misc_10, gammafunk_its_a_trap,
          vaults_room_fancy_cross, v_pattern_4, v_misc_32,
          nicolae_vaults_disjoint_gnomons, nicolae_vaults_little_squares_2,
          nicolae_vaults_hallways_thing, vaults_room_corners,
          nicolae_vaults_asterisk, nicolae_vaults_shelves_hall,
          layout_vaults_maze_bifur
Vaults:5
Crypt:1:  layout_misc_corridors, grunt_crypt_arrival_webbed
Crypt:2:  layout_rooms
Crypt:3:  quadcrypt_mu, uniq_jory
Depths:1: layout_honeycomb, enter_ziggurat_f, hell_entry,
          minmay_the_grid_square_5x5_3x3_mashed
          [minmay_the_grid_square_5x5_three_walls,
          minmay_the_grid_square_5x5_two_walls_a,
          minmay_the_grid_square_5x5_slash,
          minmay_the_grid_square_5x5_checkered_sparse,
          minmay_the_grid_square_5x5_megaprize_checkered,
          minmay_the_grid_square_5x5_n_small,
          minmay_the_grid_square_5x5_three_small,
          minmay_the_grid_square_5x5_tie, minmay_the_grid_square_5x5_v]
Depths:2: evilmike_diamond_2, layout_twisted_cross, lightli_too_deep,
          fiery_altar_vehumet, nrook_pool_corridor,
          infiniplex_staircase_split_hallway, minmay_shoptagon
Depths:3: gammafunk_dig_for_victory, layout_honeycomb, rand_demon_pan_entry_9,
          nicolae_benzene_ring, hell_entry, kennysheep_nub
Depths:4: minmay_sliced_demisemicircle, layout_basic, serial_corexii_hall,
          corexii_hall_statues_s, corexii_hall_statues_l, hell_entry,
          minmay_room_of_horrors, lemuel_flamethrower_3,
          infiniplex_staircase_diamond
Depths:5: lemuel_castle_with_subvaults [lemuel_castle_interior_carwin_3],
          layout_cave_shapes, hangedman_coc_ice_floe, rand_demon_pan_entry_3,
          nicolae_ru_awakened_eye
Hell
Zot:1:    nicolae_zot_draconian_monastery, layout_misc_corridors
Zot:2:    grunt_twist_and_shout, layout_concentric_octagons, hangedman_zot_gyre
Zot:3:    lemuel_acid_trip, layout_concentric_octagons
Zot:4:    layout_basic
Zot:5:    layout_misc_corridors

Skill      XL: |  1  2  3  4  5  6  7  8  9 10 11 12 13 14 15 16 17 18 19 20 21 22 23 24 25 26 27 |
---------------+----------------------------------------------------------------------------------+-----
Armour         | 1 2 4 6 7 9 11 12 17 19 | 19.0
Earth Magic    | 4 5 6 7 8 9 10 11 12 14 15 16 18 19 20 21 | 21.0
Stealth        | 3 4 5 6 8 10 12 13 15 18 | 18.0
Conjurations   | 1 2 4 5 7 8 9 10 12 13 15 16 20 | 20.2
Spellcasting   | 3 4 5 6 8 9 10 11 12 13 14 16 17 18 20 23 | 23.0
Maces & Flails | 3 4 7 8 9 10 12 | 12.0
Fighting       | 2 5 6 8 10 12 14 15 16 17 18 19 21 | 21.0
Shields        | 3 5 7 8 9 10 | 10.0
Fire Magic     | 1 3 4 8 11 18 | 18.9
Short Blades   | 2 |  2.0
Invocations    | 2 3 5 13 | 13.1
Staves         | 1 6 8 9 |  9.4
Evocations     | 4 7 |  7.0
Dodging        | 2 4 |  4.0
Transmutations | |  0.7

Action                   |  1- 3 |  4- 6 |  7- 9 | 10-12 | 13-15 | 16-18 | 19-21 | 22-24 | 25-27 || total
-------------------------+-------+-------+-------+-------+-------+-------+-------+-------+-------++-------
Melee: Whip              |     7 |   138 |   229 |   371 |  1283 |  1227 |   856 |     9 |   350 ||  4470
       Unarmed           |     2 |       |       |       |       |       |       |       |       ||     2
       Dagger            |       |       |    11 |    52 |   183 |    72 |    54 |    10 |     9 ||   391
       Staff             |       |       |       |       |       |       |    15 |  1466 |  1041 ||  2522
       Demon whip        |       |       |       |       |       |       |       |       |    14 ||    14
Throw: Boomerang         |       |       |       |     4 |     6 |    13 |     4 |     2 |     3 ||    32
 Cast: Sandblast         |    41 |    79 |    56 |    60 |    55 |    22 |    29 |       |     6 ||   348
       Stone Arrow       |       |       |    56 |   146 |   210 |   314 |   152 |    88 |   124 ||  1090
       Lee's Rapid Decon |       |       |     1 |    26 |    70 |    76 |    86 |    92 |   115 ||   466
       Iron Shot         |       |       |       |       |    64 |   131 |   214 |   263 |   619 ||  1291
       Foxfire           |       |       |       |       |     4 |       |       |       |       ||     4
       Fireball          |       |       |       |       |       |       |       |       |    12 ||    12
       Shatter           |       |       |       |       |       |       |       |       |    39 ||    39
       Lehudib's Crystal |       |       |       |       |       |       |       |       |    36 ||    36
       Apportation       |       |       |       |       |       |       |       |       |     1 ||     1
Invok: Shadow Step       |       |       |       |       |       |       |       |       |     2 ||     2
 Abil: No ability        |       |       |       |     2 |       |     1 |       |       |       ||     3
       Evoke Flight      |       |       |       |     1 |     1 |       |       |       |       ||     2
       Word of Chaos     |       |       |       |       |       |     1 |       |       |       ||     1
Evoke: Wand              |       |       |       |       |       |     3 |     3 |     1 |     9 ||    16
       Tin of tremorston |       |       |       |       |       |       |       |     1 |       ||     1
  Use: Scroll            |     2 |       |     5 |    21 |    23 |    19 |     8 |     9 |    12 ||    99
       Potion            |       |       |       |       |     2 |     2 |       |     4 |     8 ||    16
 Stab: Sleeping          |       |     2 |     5 |    12 |    35 |    42 |    19 |    13 |    13 ||   141
       Distracted        |       |       |       |       |     3 |     2 |     4 |     3 |     5 ||    17
Armor: Robe              |     1 |       |       |       |   196 |   552 |   281 |       |       ||  1030
       Leather armour    |     2 |    64 |    91 |    31 |       |       |       |       |       ||   188
       Troll leather arm |       |       |       |   146 |   269 |       |       |       |       ||   415
       Scale mail        |       |       |       |       |       |       |    15 |   435 |   954 ||  1404
Dodge: Dodged            |    12 |   110 |   142 |   202 |   711 |   936 |   526 |   522 |   651 ||  3812
Block: Other             |       |       |    26 |    22 |       |       |       |       |       ||    48
       Buckler           |       |       |       |   189 |   686 |  1034 |   375 |   645 |   969 ||  3898
       Reflection        |       |       |       |    27 |     9 |   107 |    65 |    36 |   119 ||   363

Table legend: (Time is in decaauts)
 A = Elapsed time spent in this place.
 B = Non-inter-level travel time spent in this place.
 C = Inter-level travel time spent in this place.
 D = Time resting spent in this place.
 E = Time spent auto-exploring this place.
 F = Levels seen in this place.
 G = Mean time per level.
                   A        B        C        D        E       F      G
               +--------+--------+--------+--------+--------+-----+--------+
         Total | 154356 | 144194 |  10162 |  76658 |  16440 |  57 | 2708.0 |
       Dungeon |  30462 |  26354 |   4108 |  10705 |   4216 |  15 | 2030.8 |
          Lair |  14909 |  14094 |    815 |   7574 |   2343 |   6 | 2484.8 |
        Shoals |  11073 |  10794 |    279 |   5702 |    146 |   4 | 2768.2 |
   Spider Nest |  13774 |  13371 |    403 |   8561 |   1210 |   4 | 3443.5 |
  Orcish Mines |   4438 |   3939 |    499 |   1407 |    533 |   2 | 2219.0 |
   Elven Halls |   9280 |   8791 |    489 |   4554 |    866 |   3 | 3093.3 |
        Vaults |  20270 |  18531 |   1739 |  10083 |   1744 |   5 | 4054.0 |
         Crypt |   7835 |   7298 |    537 |   3673 |    658 |   3 | 2611.7 |
        Depths |  19918 |  18826 |   1092 |  11442 |   2592 |   5 | 3983.6 |
          Hell |    922 |    905 |     17 |    388 |    208 |   1 |  922.0 |
           Zot |  17034 |  16853 |    181 |  10291 |   1750 |   5 | 3406.8 |
        Bailey |   1235 |   1235 |      0 |    543 |      1 |   1 | 1235.0 |
      Ice Cave |   2652 |   2652 |      0 |   1592 |    104 |   1 | 2652.0 |
        Wizlab |      3 |      3 |      0 |      0 |      0 |   1 |    3.0 |
      Gauntlet |    544 |    544 |      0 |    141 |     69 |   1 |  544.0 |
               +--------+--------+--------+--------+--------+-----+--------+

Top non-repeatable levels by time:
Vaults:4: 6097 daAuts
Spider:3: 6004 daAuts
Depths:5: 5432 daAuts
Depths:1: 5206 daAuts
Depths:4: 4496 daAuts
Vaults:1: 4481 daAuts
   Zot:1: 4323 daAuts
     D:8: 4278 daAuts
Vaults:2: 4215 daAuts
  Lair:3: 4047 daAuts
   Elf:1: 3976 daAuts
Vaults:3: 3903 daAuts
 Crypt:3: 3812 daAuts
Shoals:2: 3726 daAuts
   Zot:2: 3675 daAuts
